 Dungeon Crawl Stone Soup version 0.18.1-50-g88ac8fd (console) character file.

266 Kloppie the Slasher (level 6, 0/56 HPs)
             Began as a Hill Orc Fighter on Sept 18, 2016.
             Was an Initiate of Okawaru.
             Slain by Sigmund
             ... wielding a +0 scythe
              (8 damage)
             ... on level 4 of the Dungeon.
             The game lasted 00:04:48 (3707 turns).

Kloppie the Slasher (Hill Orc Fighter)              Turns: 3707, Time: 00:04:49

Health: 0/56       AC: 10    Str: 25    XL:     6   Next: 20%
Magic:  6/6        EV:  7    Int:  8    God:    Okawaru [......]
Gold:   117        SH: 10    Dex: 11    Spells: 0 memorised, 5 levels left

rFire  . . .     SeeInvis .     a - +0 long sword
rCold  . . .     Gourm    .     b - +0 scale mail
rNeg   . . .     Faith    .     c - +0 shield
rPois  .         Spirit   .     (no helmet)
rElec  .         Dismiss  .     x - +1 cloak
rCorr  .         Reflect  .     g - +0 pair of gloves
SustAt .         Harm     .     (no boots)
MR     .....                    (no amulet)
Stlth  ..........               (no ring)
                                (no ring)

@: mighty, not resistant to hostile enchantments, extremely unstealthy
A: no striking features
a: Renounce Religion


You were on level 4 of the Dungeon.
You worshipped Okawaru.
Okawaru was noncommittal.
You were hungry.

You visited 1 branch of the dungeon, and saw 4 of its levels.

You collected 117 gold pieces.

Inventory:

Hand Weapons
 a - a +0 long sword (weapon)
Armour
 b - a +0 scale mail (worn)
 c - a +0 shield (worn)
 g - a +0 pair of gloves (worn)
 x - a +1 cloak (worn)
Jewellery
 n - an uncursed ring of stealth {unknown}
 o - an uncursed ring of protection from magic {unknown}
 u - a +4 amulet of reflection {unknown}
 C - an uncursed ring of protection from magic {unknown}
Wands
 B - a wand of confusion (7/48)
Scrolls
 e - a scroll of noise {unknown}
 h - 3 scrolls of identify {unknown}
 j - 4 scrolls of amnesia {unknown}
 m - 2 scrolls of fear {unknown}
 s - a scroll of fog {unknown}
 y - a scroll of recharging {unknown}
 A - a scroll of teleportation {unknown}
 H - a scroll of immolation {unknown}
Potions
 i - 2 potions of curing {unknown}
 l - a potion of brilliance {unknown}
 p - a potion of cure mutation {unknown}
 q - a potion of magic {unknown}
 r - a potion of heal wounds
 t - a potion of flight {unknown}
 w - a potion of beneficial mutation {unknown}
 z - a potion of degeneration {unknown}
 D - a potion of invisibility {unknown}
 E - a potion of ambrosia {unknown}
 G - a potion of might
Comestibles
 d - 10 chunks of flesh
 f - 3 bread rations
 k - 2 meat rations
 v - a royal jelly
 F - 3 fruits


   Skills:
 - Level 5.0 Fighting
 + Level 5.3 Long Blades
 - Level 3.2 Armour
 + Level 4.4 Shields


You had 5 spell levels left.
You didn't know any spells.

Dungeon Overview and Level Annotations

Branches:
Dungeon (4/15)
 Temple: D:4-7

Altars:
Ashenzari
Cheibriados
Elyvilon
Gozag
Kikubaaqudgha
Makhleb
Okawaru
Yredelemnul
The Shining One

Shops:
D:4 %

Annotations:
D:4 Blork the orc, Robin, Sigmund


Message History

You block something's attack. The goblin hits you.
* * * LOW HITPOINT WARNING * * *
The goblin barely misses you. Robin throws the goblin at you!
Blork the orc hits you with a hand axe.
* * * LOW HITPOINT WARNING * * *
You are feeling hungry.
You slash Blork the orc!
Blork the orc is moderately wounded.
You block Blork the orc's attack. The goblin hits you.
* * * LOW HITPOINT WARNING * * *
You block the goblin's attack. Something hits you but does no damage.
Robin hits you but does no damage.
You slash Blork the orc!
Blork the orc is heavily wounded.
Blork the orc points at you and mumbles some strange words.
The puff of flame hits you!
* * * LOW HITPOINT WARNING * * *
You block the goblin's attack. The goblin hits you but does no damage.
You block Blork the orc's attack. You block Robin's attack. Something hits you!
You die...

## ##.... #.
..... .
..##.#..#.. #
.......... # ##
##......... # ##.
##.g.....#
######..
##..o†g?♣##
.....#.#
#....@♣.∩.♣
####.#.#
#....#)g)♣
#.#.###....#..#.#
#............##.#
###.#.......## #
##..##....###
###..####...##
#...## ##....#
#.### ##...#.#


You could see Blork the orc, Robin and 2 goblins.

Vanquished Creatures
  A giant frog zombie (D:3)
  An orc priest (D:4)
  2 orc wizards (D:4)
  5 adders
  An ooze (D:1)
  2 worms
  3 dart slugs
  A giant gecko (D:1)
  9 orcs
  3 giant cockroaches
  18 goblins
  7 hobgoblins
  6 jackals
  3 kobolds
  A quokka (D:3)
  2 ball pythons
  9 bats
  6 giant newts
  10 rats
90 creatures vanquished.

Notes
Turn   | Place    | Note
--------------------------------------------------------------
     0 | D:1      | Kloppie the Hill Orc Fighter began the quest for the Orb.
     0 | D:1      | Reached XP level 1. HP: 19/19 MP: 1/1
   169 | D:1      | Reached XP level 2. HP: 21/27 MP: 2/2
   474 | D:1      | Reached XP level 3. HP: 34/34 MP: 3/3
  1092 | D:2      | Reached XP level 4. HP: 28/41 MP: 4/4
  1367 | D:2      | Found a shattered altar of Ashenzari.
  1394 | D:2      | Reached skill level 5 in Fighting
  1650 | D:2      | Found an ancient bone altar of Kikubaaqudgha.
  2096 | D:3      | Found a burning altar of Makhleb.
  2368 | D:3      | Reached XP level 5. HP: 45/48 MP: 5/5
  2455 | D:3      | Found a basalt altar of Yredelemnul.
  2734 | D:3      | Found a glowing golden altar of the Shining One.
  2984 | D:3      | Found an iron altar of Okawaru.
  2984 | D:3      | Found a white marble altar of Elyvilon.
  2989 | D:3      | Became a worshipper of Warmaster Okawaru
  3270 | D:3      | Noticed an angel
  3288 | D:4      | Found an opulent altar of Gozag.
  3411 | D:4      | Found a snail-covered altar of Cheibriados.
  3486 | D:4      | Reached skill level 5 in Long Blades
  3495 | D:4      | Reached XP level 6. HP: 41/56 MP: 6/6
  3667 | D:4      | Found Kec Kew's Food Shoppe.
  3677 | D:4      | Noticed Robin
  3677 | D:4      | Noticed Blork the orc
  3683 | D:4      | Noticed Sigmund
  3707 | D:4      | Slain by Sigmund

Skill      XL: |  1  2  3  4  5 |
---------------+----------------+-----
Fighting       | 4 5 |  5.0
Long Blades    | 3 4 5 |  5.3
Shields        | 4 |  4.4
Armour         | |  3.2

Action                   |  1- 3 |  4- 6 || total
-------------------------+-------+-------++-------
Melee: Long sword        |   116 |   219 ||   335
  Use: Potion            |       |     4 ||     4
  Eat: Chunk             |     1 |     8 ||     9
Armor: Scale mail        |    62 |    84 ||   146
Dodge: Dodged            |    43 |    45 ||    88
Block: Shield            |    61 |   101 ||   162
